 Dungeon Crawl Stone Soup version 0.21.0 (webtiles) character file.

158 MovingMist the Distorting Demonspawn (level 5, 0/42 HPs)
             Began as a Demonspawn Abyssal Knight on Jan 7, 2018.
             Was a Believer of Lugonu.
             Slain by a gnoll
             ... wielding a +0 spear
              (6 damage)
             ... on level 3 of the Dungeon.
             The game lasted 00:04:57 (2011 turns).

MovingMist the Distorting Demonspawn (DsAK)         Turns: 2011, Time: 00:04:57

Health: 0/42       AC:  7    Str: 13    XL:     5   Next: 16%
Magic:  8/8        EV: 11    Int: 18    God:    Lugonu [**....]
Gold:   131        SH:  0    Dex: 13    Spells: 4/4 levels left

rFire    . . .     SeeInvis .   m - +2 flail (crush)
rCold    . . .     Gourm    .   (no shield)
rNeg     . . .     Faith    .   h - +0 ring mail
rPois    .         Spirit   .   (helmet restricted)
rElec    .         Reflect  .   (no cloak)
rCorr    .         Harm     .   (no gloves)
MR       .....                  (no boots)
Stlth    +.........             (no amulet)
HPRegen  0.14/turn              o - +5 ring of intelligence
MPRegen  0.11/turn              (no ring)

@: no status effects
A: horns 2, icy blue scales 1
a: Depart the Abyss, Bend Space, Renounce Religion


You were on level 3 of the Dungeon.
You worshipped Lugonu.
Lugonu was pleased with you.
You were not hungry.

You visited 1 branch of the dungeon, and saw 3 of its levels.
You visited the Abyss 1 time.

You collected 131 gold pieces.

Inventory:

Hand Weapons
 a - a +1 hand axe
 m - a +2 flail of crushing (weapon)
 n - a +4 glaive
Armour
 h - a +0 ring mail (worn)
Jewellery
 o - a +5 ring of intelligence (left hand)
Scrolls
 b - a scroll of noise {unknown}
 d - 3 scrolls of amnesia
 e - 2 scrolls of teleportation
 f - a scroll of remove curse {unknown}
 i - a scroll of random uselessness {unknown}
 p - 2 scrolls of enchant armour {unknown}
Potions
 j - a potion of heal wounds {unknown}
 k - a potion of haste {unknown}
 l - a potion of magic {unknown}
Comestibles
 c - 7 rations
 g - 2 chunks of flesh


   Skills:
 + Level 3.7 Fighting
 - Level 2.5 Axes
 + Level 0.3(1.5) Maces & Flails
 - Level 1.7 Armour
 + Level 2.1 Dodging
 * Level 4.8 Invocations


You had 4 spell levels left.
You didn't know any spells.

Dungeon Overview and Level Annotations

Branches:
Dungeon (3/15)

Altars:
Elyvilon
Sif Muna

Annotations:
D:3 MovingMist's ghost, amateur DsAK


Innate Abilities, Weirdness & Mutations

You have a pair of horns on your head.
You are partially covered in icy blue scales. (AC +2)


Message History

The gnoll hits you but does no damage.
You see here a stone.
You thump the gnoll!
You kill the gnoll!
Lugonu accepts your kill.
The goblin shoots a stone.
The stone hits you but does no damage. The gnoll barely misses you.
The gnoll hits you but does no damage.
Things that are here:
a flail; a stone You closely miss the gnoll.
The gnoll barely misses you.
A giant cockroach comes into view.
You barely miss the gnoll.
The giant cockroach moves out of view.
The gnoll hits you with a spear.
* * * LOW HITPOINT WARNING * * *
You hit the gnoll.
You headbutt the gnoll, but do no damage.
The gnoll is moderately wounded.
The gnoll closely misses you. The gnoll hits you with a spear.
You die...

####......#..##
#.....#.#..#...# ###
#.....#.#.###.......
#........## #......
#.....###.## ......
#.....###..#.#.#####
####...........#
#(...s...#####
#@#####..# #g# #..#
#..g# #..# # #.#.#
#..# # ...#.# #..#
#.# ### #.. ..## ...
### #.# #.# #


You could see a gnoll, a giant cockroach and a goblin.

Vanquished Creatures
  Terence (D:2)
  3 gnolls (D:3)
  4 adders
  An ooze (D:1)
  A worm (D:3)
  4 dart slugs
  A leopard gecko (D:1)
  8 bats
  5 giant cockroaches
  5 hobgoblins
  2 quokkas
  2 frilled lizards (D:2)
  5 goblins
  5 kobolds (D:1)
  12 rats
59 creatures vanquished.

Notes
Turn   | Place    | Note
-------+----------+-------------------------------------------
     0 | Abyss:1  | MovingMist the Demonspawn Abyssal Knight began the quest for the Orb.
     0 | Abyss:1  | Reached XP level 1. HP: 18/18 MP: 2/2
    73 | Abyss:1  | Noticed a sixfirhy
    74 | D:1      | Escaped the Abyss
   114 | D:1      | Reached skill level 1 in Dodging
   183 | D:1      | Gained mutation: You have a pair of small horns on your head. [demonic ancestry]
   183 | D:1      | Reached XP level 2. HP: 22/24 MP: 4/4
   215 | D:1      | Reached skill level 3 in Invocations
   225 | D:1      | Reached * piety under Lugonu
   555 | D:1      | Gained mutation: You are partially covered in icy blue scales. (AC +2) [demonic ancestry]
   555 | D:1      | Reached XP level 3. HP: 26/29 MP: 5/5
   827 | D:2      | Found a deep blue altar of Sif Muna.
   830 | D:2      | Noticed Terence
   850 | D:2      | Killed Terence
   855 | D:2      | Reached skill level 4 in Invocations
   855 | D:2      | Gained mutation: You have a pair of horns on your head. [demonic ancestry]
   855 | D:2      | Reached XP level 4. HP: 28/35 MP: 5/7
  1273 | D:2      | Reached ** piety under Lugonu
  1388 | D:3      | Noticed MovingMist's ghost (amateur DsAK)
  1765 | D:3      | Found a white marble altar of Elyvilon.
  1996 | D:3      | Reached XP level 5. HP: 32/42 MP: 8/8
  2011 | D:3      | Slain by a gnoll

Skill      XL: |  1  2  3  4 |
---------------+-------------+-----
Dodging        | 1 2 |  2.1
Axes           | 2 |  2.5
Invocations    | 3 4 |  4.8
Fighting       | |  3.7
Maces & Flails | |  0.3
Armour         | |  1.7

Action                   |  1- 3 |  4- 6 || total
-------------------------+-------+-------++-------
Melee: Hand axe          |    80 |    66 ||   146
       Headbutt          |     9 |     9 ||    18
       Flail             |       |    22 ||    22
Invok: Depart the Abyss  |     1 |       ||     1
  Use: Scroll            |       |     2 ||     2
  Eat: Chunk             |       |     4 ||     4
Armor: Leather armour    |     4 |       ||     4
       Ring mail         |    31 |    40 ||    71
Dodge: Dodged            |    52 |    66 ||   118
